 Dungeon Crawl Stone Soup version 0.30-a0-23-ge60ba3568b (webtiles) character file.

Game seed: 17127155893569799153

236509 scionoferis the Fencer (level 17, -3/140 HPs)
             Began as a Demigod Wanderer on Aug 23, 2022.
             Slain by a dire elephant (20 damage)
             ... on level 1 of the Vaults on Aug 24, 2022.
             The game lasted 04:14:13 (56661 turns).

scionoferis the Fencer (Demigod Wanderer)          Turns: 56661, Time: 04:14:14

Health: -3/140     AC: 26    Str: 21    XL:     17   Next: 87%
Magic:  29/29      EV: 20    Int: 20    God:
Gold:   200        SH:  5    Dex: 33    Spells: 23/26 levels left

rFire   + . .      SeeInvis +    b - +9 great sword (flame)
rCold   + + +      Faith    .    (shield currently unavailable)
rNeg    + . .      Spirit   .    G - +5 ice dragon scales
rPois   .          Reflect  +    D - +2 helmet
rElec   .          Harm     .    B - scarf {rC+ rF+}
rCorr   +          Rampage  .    T - +2 pair of gloves
Will    ++...                    (no boots)
Stlth   ++........               N - amulet "Enocowuu" {Reflect Int+3 Dex+4 SH+5}
HPRegen 0.33/turn                p - ring "Cueziac" {Will+ rCorr Str+6 SInv}
MPRegen 0.21/turn                x - ring "Afuef" {rF+ rN+ rCorr Int+4 Dex-3}

@: studying Staves
A: high MP 1, forlorn, divine attributes
}: 2/15 runes: serpentine, barnacled
a: no special abilities


You were on level 1 of the Vaults.
You visited 6 branches of the dungeon, and saw 31 of its levels.
You also visited: Sewer and Ice Cave.

You collected 2982 gold pieces.
You spent 2782 gold pieces at shops.

Inventory:

Hand Weapons
 a - the +6 longbow of Temperance {flame, rF+ rC+ Str+5 Dex-2}
   (You bought it in a shop on level 7 of the Dungeon)

   Any ammunition fired from it burns those it strikes, dealing additional fire
   damage.
   Str:       It affects your strength (+5).
   Dex:       It affects your dexterity (-2).
   rF:        It protects you from fire.
   rC:        It protects you from cold.
 b - a +9 great sword of flaming (weapon)
 j - a +3 rapier of speed
 m - a +1 antimagic falchion
 S - the +6 arbalest "Peekus" {flame, rN++ SInv}
   (You bought it in a shop on level 2 of the Orcish Mines)

   Any ammunition fired from it burns those it strikes, dealing additional fire
   damage.
   rN:        It greatly protects you from negative energy.
   SInv:      It lets you see invisible.
Missiles
 c - 5 throwing nets (quivered)
 i - 11 javelins
 l - 10 silver javelins
 F - 6 curare-tipped darts
Armour
 o - a +2 cloak of poison resistance
 B - a scarf of resistance (worn)
 D - a +2 helmet (worn)
 E - a scarf of repulsion
 G - +5 ice dragon scales (worn)
 T - a +2 pair of gloves (worn)
Jewellery
 f - a ring of willpower
 p - the ring "Cueziac" (left hand) {Will+ rCorr Str+6 SInv}
   (You bought it in a shop on level 1 of the Snake Pit)

   [ring of strength]

   Str:       It affects your strength (+6).
   SInv:      It lets you see invisible.
   rCorr:     It protects you from acid and corrosion.
   Will:      It increases your willpower.
 x - the ring "Afuef" (right hand) {rF+ rN+ rCorr Int+4 Dex-3}
   (You found it on level 1 of the Lair of Beasts)

   [ring of positive energy]

   Int:       It affects your intelligence (+4).
   Dex:       It affects your dexterity (-3).
   rF:        It protects you from fire.
   rN:        It protects you from negative energy.
   rCorr:     It protects you from acid and corrosion.
 I - the amulet of the Air {Inacc Air Fly rElec RMsl}
   (You bought it in a shop on level 4 of the Snake Pit)

   [amulet of nothing]

   It reduces the accuracy of all your attacks.
   It enhances your air magic.
   rElec:     It insulates you from electricity.
   Fly:       It grants you flight.
   RMsl:      It protects you from missiles.
 K - a ring of poison resistance
 M - a ring of protection from fire
 N - the amulet "Enocowuu" (around neck) {Reflect Int+3 Dex+4 SH+5}
   (You found it on level 2 of the Orcish Mines)

   [amulet of reflection]

   It reflects blocked missile attacks.
   Int:       It affects your intelligence (+3).
   Dex:       It affects your dexterity (+4).
   SH:        It affects your SH (+5).
Wands
 k - a wand of charming (18)
 A - a wand of quicksilver (13)
 J - a wand of flame (15)
 L - a wand of digging (6)
Scrolls
 g - 17 scrolls of teleportation
 q - a scroll of amnesia
 v - 7 scrolls of magic mapping
 w - a scroll of summoning
 C - 6 scrolls of fog
 P - 4 scrolls of blinking
Potions
 d - 4 potions of haste
 h - 5 potions of lignification
 n - 4 potions of berserk rage
 r - 17 potions of curing
 s - 3 potions of cancellation
 u - a potion of invisibility
 z - 4 potions of brilliance
 H - 10 potions of ambrosia
 Q - 6 potions of might
 Z - a potion of heal wounds
Miscellaneous
 e - a lightning rod (4/4)
 y - a tin of tremorstones (2/2)
 O - a phantom mirror (inert)


   Skills:
 - Level 10.0 Fighting
 - Level 9.6(13.7) Short Blades
 * Level 15.6(16.6) Long Blades
 * Level 15.5 Ranged Weapons
 + Level 13.4 Armour
 - Level 10.0 Dodging
 - Level 5.1 Stealth
 + Level 5.0 Spellcasting
 + Level 3.1 Hexes
 * Level 4.7 Translocations
 - Level 6.0 Evocations


You had 23 spell levels left.
You knew the following spells:

 Your Spells              Type           Power      Damage    Failure   Level
a - Portal Projectile     Hex/Tloc       40%        N/A       17%         3

Your spell library contained the following spells:

 Spells                   Type           Power      Damage    Failure   Level
 Beastly Appendage        Tmut           10%        N/A       28%         1
 Foxfire                  Conj/Fire      20%        2x1d5     28%         1
 Necrotise                Necr           20%        1d5       28%         1
 Sting                    Tmut/Pois      20%        1d4       28%         1
 Passage of Golubria      Tloc           24%        N/A       36%         4
 Poisonous Vapours        Pois/Air       10%        N/A       38%         2
 Scorch                   Fire           10%        2d5       38%         2
 Inner Flame              Hex/Fire       11%        N/A       41%         3
 Summon Guardian Golem    Hex/Summ       11%        N/A       41%         3
 Call Canine Familiar     Summ           5%         N/A       63%         3
 Conjure Flame            Conj/Fire      5%         6-21      63%         3
 Leda's Liquefaction      Hex/Erth       5%         N/A       82%         4
 Airstrike                Air            2%         2d(1-17)  95%         4
 Flame Wave               Conj/Fire      5%         2d5       95%         4
 Olgreb's Toxic Radiance  Pois           5%         N/A       95%         4
 Petrify                  Tmut/Erth      5%         N/A       95%         4
 Summon Lightning Spire   Summ/Air       5%         N/A       95%         4
 Summon Forest            Summ/Tloc      7%         N/A       96%         5
 Metabolic Englaciation   Hex/Ice        5%         N/A       99%         5
 Silence                  Hex/Air        5%         N/A       99%         5
 Lightning Bolt           Conj/Air       2%         1d14      100%        5
 Eringya's Noxious Bog    Tmut/Pois      2%         N/A       100%        6
 Statue Form              Tmut/Erth      3%         N/A       100%        6
 Summon Cactus Giant      Summ           2%         N/A       100%        6
 Orb of Destruction       Conj           2%         9d5       100%        7
 Spellforged Servitor     Conj/Summ      2%         N/A       100%        7
 Summon Hydra             Summ           2%         N/A       100%        7
 Lehudib's Crystal Spear  Conj/Erth      2%         10d2      100%        8


Dungeon Overview and Level Annotations

Branches:
Dungeon (15/15)            Temple (0/1) D:7            Lair (5/5) D:11
 Shoals (4/4) Lair:2        Snake (4/4) Lair:2        Slime (0/5) Lair:5
    Orc (2/2) D:11            Elf (0/3) Orc:2        Vaults (1/5) D:13
 Depths (0/4) D:15          Sewer (visited)           IceCv (visited)

Shops:
D:1 [   D:7 (   D:11 ([   Orc:2 ((*[   Shoals:2 ?   Shoals:3 *   Snake:1 [=
Snake:4 =

Annotations:
Shoals:4 exclusion: kraken


Innate Abilities, Weirdness & Mutations

You have an increased reservoir of magic. (+10% MP)
You shall have no god before yourself.
Your divine heritage dramatically boosts your attributes as you level up.


Message History

You chop the dire elephant into pieces!!!
You burn the dire elephant!
The dire elephant is heavily wounded.
The dire elephant misses you.
The dire elephant completely misses you.
The dire elephant misses you. The dire elephant barely misses you.
You completely miss the dire elephant.
The dire elephant is heavily wounded.
The dire elephant tramples you but does no damage.
The dire elephant trunk-slaps you.
The dire elephant completely misses you.
The dire elephant misses you.
You hit the dire elephant but do no damage.
The dire elephant is heavily wounded.
You slice the dire elephant!! You burn the dire elephant!
The dire elephant is almost dead.
The dire elephant tramples you!!
* * * LOW HITPOINT WARNING * * *
You hold your ground!
You block the dire elephant's attack. The dire elephant misses you.
You block the dire elephant's attack.
You slash the dire elephant! You burn the dire elephant.
You kill the dire elephant!
The dire elephant tramples you!
* * * LOW HITPOINT WARNING * * *
You hold your ground!
The dire elephant barely misses you.
Okay, then.
Unknown command.
Press: ? - help, v - describe, . - travel
Here: a dire elephant (lightly wounded)
The floor.
Unknown command.
Press: ? - help, v - describe, . - travel
Here: a dire elephant (lightly wounded)
The floor.
Aiming: Phantom Mirror
Press: ? - help, Dir - move target, f - dire elephant
Aim: a dire elephant (lightly wounded)
You reflect the dire elephant with the mirror!
The mirror clouds!
The dire elephant tramples you!!
You die...

#......#....#......##Y.#
########....###'##..#..#
#....##...##..Y.#
##.###.....#.####
#...#..⌠..#..
####.#.....###.
#....##...## ..
#..#.†##'### .#
#..##@YY...#
#..######### ####


You could see a dire elephant (ally target) and a friendly dire elephant
(summoned, drained).

Vanquished Creatures
  Mara (Shoals:3)
  Nikola (Shoals:1)
  Mlioglotl (Shoals:1)
  Polyphemus (Shoals:4)
  2 krakens
  Roxanne (Shoals:2)
  Donald (Shoals:2)
  The ghost of Zajithr Qicli the Warrior, a journeyman HOMo of Beogh (Shoals:2)
  10 nagarajas
  Ilsuiw (Shoals:1)
  An orc warlord (Orc:2)
  A reaper (IceCv)
  3 dire elephants (Vaults:1)
  7 merfolk impalers
  4 merfolk javelineers
  A fire dragon (D:15)
  A great orb of eyes (D:15)
  7 hydras
  5 boulder beetles
  A catoblepas (Shoals:4)
  3 merfolk avatars
  9 two-headed ogres
  An ironbound frostheart (D:13)
  11 anacondas
  11 merfolk aquamancers
  6 centaur warriors
  2 dancing weapons (D:13)
  11 naga warriors
  3 death yaks (Shoals:4)
  A tengu warrior (D:14)
  8 naga sharpshooters
  5 orc high priests
  8 shock serpents
  Sonja (D:13)
  2 salamander mystics
  15 sea snakes
  5 skeletal warriors (D:14)
  6 naga ritualists
  An ironbound convoker (D:13)
  5 orc knights
  3 lindwurms
  13 harpies
  5 fauns (Shoals:1)
  14 mana vipers
  A necromancer (Vaults:1)
  A human zombie (Vaults:1)
  A deep elf pyromancer (D:15)
  15 manticores
  5 salamanders
  4 orc sorcerers (Orc:2)
  An oklob plant (Shoals:4)
  13 cyclopes
  7 ugly things
  5 elephants
  An elf zombie (Vaults:1)
  44 black mambas
  5 merfolk sirens
  19 naga magi
  A frost giant skeleton (Vaults:1)
  A gargoyle (D:13)
  3 guardian serpents
  8 cane toads
  2 water nymphs (Shoals:1)
  2 ice statues (IceCv)
  An unseen horror (D:11)
  A yaktaur (D:15)
  10 komodo dragons
  2 kobold demonologists
  A freezing wraith (D:14)
  An anaconda simulacrum (IceCv)
  5 ice devils (IceCv)
  3 rime drakes
  4 wind drakes
  A queen bee (shapeshifter) (D:15)
  6 polar bears
  A queen bee (D:10)
  22 merfolk
  3 meliai (D:13)
  A raiju (shapeshifter) (D:14)
  9 trolls
  3 hornets
  20 blink frogs
  Prince Ribbit (D:5)
  11 slime creatures
  10 snapping turtles
  5 dream sheep
  12 spriggans
  13 water elementals
  A shadow (D:12)
  3 wraiths (D:12)
  A dire elephant simulacrum (IceCv)
  42 yaks
  4 wyverns
  A basilisk (shapeshifter) (D:14)
  2 steam dragons
  A basilisk (Lair:3)
  3 death yak simulacra (IceCv)
  6 wargs
  3 acid dragons
  29 nagas
  Duvessa (D:7)
  14 water moccasins
  A floating eye (shapeshifter) (D:15)
  55 orc warriors
  A sky beast (D:6)
  16 ogres
  An ice beast (D:7)
  4 boggarts
  5 black bears
  5 centaurs
  37 wolves
  2 phantoms
  12 bullfrogs
  2 gnoll sergeants
  2 kobold brigands (Sewer)
  5 necrophages
  2 scorpions
  A two-headed ogre simulacrum (IceCv)
  16 wights
  Dowan (D:7)
  2 elephant simulacra (IceCv)
  30 killer bees
  7 howler monkeys
  2 electric eels
  2 hounds
  5 jellies
  40 orc priests
  Crazy Yiuf (D:7)
  2 gnoll boudas
  4 iguanas
  23 orc wizards
  5 spriggan simulacra (IceCv)
  A wolf simulacrum (IceCv)
  24 gnolls
  8 adders
  2 naga simulacra (IceCv)
  A shadow imp (D:5)
  13 white imps
  5 ufetubi
  5 worms
  3 dart slugs
  111 orcs
  12 ball pythons
  13 endoplasms
  3 giant cockroaches
  6 goblins
  9 hobgoblins
  2 jackals (D:2)
  2 quokkas
  4 bats
  13 frilled lizards
  6 kobolds
  4 rats
  6 tentacles
1140 creatures vanquished.

Vanquished Creatures (collateral kills)
  2 nagarajas (Snake:4)
  A hydra (D:11)
  A naga sharpshooter (Snake:4)
  Lodul (D:10)
  A guardian serpent (Snake:4)
  3 naga magi (Snake:4)
  A naga (Snake:4)
  2 ogres (D:10)
  An iguana (D:5)
  An adder (D:5)
  2 orcs (D:13)
16 creatures vanquished.

Vanquished Creatures (others)
  2 merfolk impalers
  2 merfolk aquamancers (Shoals:4)
  Sigmund (D:5)
  A yak (D:9)
  An orc warrior (D:13)
  2 orcs
  19 fungi
  159 plants
  24 tentacles
211 creatures vanquished.

Grand Total: 1367 creatures vanquished

Notes
Turn   | Place    | Note
-------+----------+-------------------------------------------
     0 | D:1      | scionoferis the Demigod Wanderer began the quest for the
                  | Orb.
     0 | D:1      | scionoferis set off with the following items: a +2 sling, 2
                  | scrolls of teleportation, a +0 scale mail.
     0 | D:1      | Reached XP level 1. HP: 16/16 MP: 3/3
   230 | D:1      | Reached XP level 2. HP: 15/23 MP: 4/4
   351 | D:1      | Found Hosiexih's Antique Armour Shoppe.
   817 | D:2      | Reached skill level 1 in Spellcasting
   817 | D:2      | Reached XP level 3. HP: 28/28 MP: 6/6
  1592 | D:2      | Reached XP level 4. HP: 23/36 MP: 8/8
  1784 | D:3      | Found a glowing drain.
  1793 | Sewer    | Entered a sewer
  2022 | Sewer    | Reached skill level 5 in Armour
  2145 | Sewer    | Noticed a kobold brigand
  2145 | Sewer    | Noticed a kobold brigand
  2467 | Sewer    | Killed a kobold brigand
  2468 | Sewer    | Reached XP level 5. HP: 42/42 MP: 10/10
  2597 | Sewer    | Gained mutation: You are strong-willed. (Will+) [potion of
                  | mutation]
  2597 | Sewer    | Lost mutation: You are strong-willed. (Will+) [potion of
                  | mutation]
  2963 | D:3      | Reached XP level 6. HP: 51/51 MP: 12/12
  3344 | D:4      | Reached skill level 1 in Short Blades
  3607 | D:4      | Reached XP level 7. HP: 57/57 MP: 13/13
  4071 | D:5      | Entered Level 5 of the Dungeon
  4142 | D:5      | Noticed Sigmund
  4158 | D:5      | Your ally Sigmund died
  4168 | D:5      | Reached skill level 5 in Short Blades
  4515 | D:5      | Noticed a kobold demonologist
  4518 | D:5      | Noticed a smoke demon
  4520 | D:5      | Noticed Prince Ribbit
  4528 | D:5      | Reached XP level 8. HP: 53/63 MP: 14/14
  4542 | D:5      | Killed Prince Ribbit
  4861 | D:1      | Bought a pearl-studded chain mail for 190 gold pieces
  4861 | D:1      | Identified the +0 chain mail of Loss {rF+ rC+} (You bought
                  | it in a shop on level 1 of the Dungeon)
  5096 | D:5      | Killed a kobold demonologist
  5992 | D:6      | Reached skill level 1 in Evocations
  6077 | D:7      | Found a runed translucent door.
  6078 | D:7      | Noticed Crazy Yiuf
  6209 | D:7      | Reached XP level 9. HP: 71/71 MP: 17/17
  6396 | D:7      | Reached skill level 1 in Stealth
  6510 | D:7      | Reached skill level 1 in Long Blades
  6552 | D:7      | Found a staircase to the Ecumenical Temple.
  6655 | D:7      | Noticed Duvessa
  6657 | D:7      | Noticed Dowan
  6666 | D:7      | Found Woitom's Antique Weapon Boutique.
  6670 | D:7      | Killed Dowan
  6713 | D:7      | Killed Duvessa
  6947 | D:7      | Killed Crazy Yiuf
  8836 | D:9      | Reached XP level 10. HP: 80/80 MP: 19/19
  8859 | D:9      | Reached skill level 5 in Fighting
  8864 | D:9      | Reached skill level 5 in Dodging
  9387 | D:9      | Noticed a two-headed ogre
  9833 | D:9      | Noticed a cyclops
 10327 | D:9      | Killed a two-headed ogre
 10334 | D:9      | Killed a cyclops
 10371 | D:10     | Entered Level 10 of the Dungeon
 10483 | D:7      | Bought a twisted longbow for 356 gold pieces
 10483 | D:7      | Identified the +6 longbow of Temperance {flame, rF+ rC+
                  | Str+5 Dex-2} (You bought it in a shop on level 7 of the
                  | Dungeon)
 10634 | D:10     | Got Deenater's Introduction to Rites and Rhymes
 10859 | D:10     | Noticed a two-headed ogre
 10867 | D:10     | Killed a two-headed ogre
 10985 | D:10     | Noticed Lodul
 11443 | D:10     | Reached XP level 11. HP: 28/89 MP: 20/20
 11463 | D:10     | Killed Lodul
 11981 | D:10     | Reached skill level 5 in Stealth
 12545 | D:10     | Upgraded the game from 0.30-a0-12-gd8047c6341 to
                  | 0.30-a0-23-ge60ba3568b
 13064 | D:11     | Reached skill level 5 in Long Blades
 13076 | D:11     | Reached skill level 5 in Ranged Weapons
 13183 | D:11     | Reached skill level 5 in Evocations
 13191 | D:11     | Found Lyxatud's Armour Shoppe.
 13191 | D:11     | Found a staircase to the Orcish Mines.
 13191 | D:11     | Found Doyssu's Weapon Shoppe.
 13267 | D:11     | Found a staircase to the Lair.
 14061 | D:12     | Noticed a two-headed ogre
 14092 | D:12     | Killed a two-headed ogre
 14263 | D:12     | Noticed a six-headed hydra
 14321 | D:12     | Noticed a five-headed hydra
 14443 | D:12     | Killed a five-headed hydra
 14597 | D:12     | Killed a six-headed hydra
 14814 | D:12     | Reached XP level 12. HP: 53/97 MP: 21/21
 15075 | D:12     | Noticed a boulder beetle
 15081 | D:12     | Killed a boulder beetle
 15292 | Lair:1   | Entered Level 1 of the Lair of Beasts
 15330 | Lair:1   | Noticed a four-headed hydra
 15377 | Lair:1   | Killed a four-headed hydra
 15549 | Lair:1   | Noticed a seven-headed hydra
 16346 | D:11     | Killed a seven-headed hydra
 16904 | Lair:1   | Identified the ring "Afuef" {rF+ rN+ rCorr Int+4 Dex-3}
 17420 | Lair:2   | Found a frozen archway.
 17607 | IceCv    | Entered an ice cave
 18484 | IceCv    | Noticed a reaper
 18798 | IceCv    | Killed a reaper
 19044 | Lair:2   | Noticed a boulder beetle
 19055 | Lair:1   | Killed a boulder beetle
 19102 | Lair:1   | Reached XP level 13. HP: 96/107 MP: 22/22
 19199 | Lair:2   | Found a staircase to the Shoals.
 19391 | Lair:2   | Found a staircase to the Snake Pit.
 21034 | Lair:3   | You fall into a shaft and drop 1 floor!
 22061 | Lair:5   | Entered Level 5 of the Lair of Beasts
 22242 | Lair:5   | Identified the +0 plate armour of the Postmodern Heavens
                  | {SInv}
 23890 | Lair:5   | Reached skill level 10 in Long Blades
 24110 | Lair:5   | Reached XP level 14. HP: 113/116 MP: 23/23
 24263 | Lair:5   | Found a staircase to the Slime Pits.
 24713 | D:13     | Reached skill level 10 in Ranged Weapons
 25310 | D:13     | HP: 5/116 [boulder beetle (21)]
 25746 | D:13     | Found a gate to the Vaults.
 25869 | D:13     | Noticed Sonja
 25871 | D:13     | Killed Sonja
 28389 | D:15     | Entered Level 15 of the Dungeon
 29444 | D:15     | Found a staircase to the Depths.
 29719 | Orc:1    | Entered Level 1 of the Orcish Mines
 30713 | Orc:2    | Entered Level 2 of the Orcish Mines
 31203 | Orc:2    | Identified the amulet "Enocowuu" {Reflect Int+3 Dex+4 SH+5}
 31703 | Orc:2    | Found Ifisou's Weapon Boutique.
 31718 | Orc:2    | Reached XP level 15. HP: 93/124 MP: 24/24
 31828 | Orc:2    | Found Ditodiori's Weapon Shop.
 33354 | Orc:2    | Found a staircase to the Elven Halls.
 33602 | Orc:2    | Found Wapteos's Armour Boutique.
 33778 | Orc:2    | Found Xogihadi's Assorted Antiques.
 33786 | Orc:2    | Bought a transparent arbalest for 361 gold pieces
 33786 | Orc:2    | Identified the +6 arbalest "Peekus" {flame, rN++ SInv} (You
                  | bought it in a shop on level 2 of the Orcish Mines)
 34444 | Snake:1  | Entered Level 1 of the Snake Pit
 34609 | Snake:1  | Reached skill level 10 in Fighting
 34812 | Snake:1  | Reached skill level 10 in Armour
 34892 | Snake:1  | Reached skill level 10 in Dodging
 35690 | Snake:1  | Found Koekamus's Antique Armour Shop.
 35694 | Snake:1  | Found Lof Sus's Jewellery Shop.
 35699 | Snake:1  | Bought a runed helmet for 165 gold pieces
 35821 | Snake:1  | Identified the +6 scale mail of Contentment {rN+}
 39155 | Snake:3  | Noticed a nagaraja
 39531 | Snake:3  | HP: 4/126 [shock serpent/bolt of electricity (22)]
 39989 | Snake:3  | Killed a nagaraja
 40032 | Snake:3  | Reached XP level 16. HP: 134/134 MP: 26/26
 41571 | Snake:4  | Entered Level 4 of the Snake Pit
 41834 | Snake:4  | Found Kiroh's Jewellery Shop.
 43834 | Snake:4  | Got a serpentine rune of Zot
 44410 | Snake:1  | Bought a runed cloak for 165 gold pieces
 44415 | Snake:1  | Bought the ring "Cueziac" {Will+ rCorr Str+6 SInv} for 817
                  | gold pieces
 44527 | Snake:4  | Bought the amulet of the Air {Inacc Air Fly rElec RMsl} for
                  | 488 gold pieces
 44527 | Snake:4  | Found the amulet of the Air {Inacc Air Fly rElec RMsl}
 44651 | Shoals:1 | Entered Level 1 of the Shoals
 46256 | Shoals:1 | Reached XP level 17. HP: 140/140 MP: 27/27
 46755 | Shoals:1 | Noticed Nikola
 46782 | Shoals:1 | Killed Nikola
 47191 | Shoals:2 | Learned a level 3 spell: Portal Projectile
 47219 | Shoals:2 | Noticed Ilsuiw
 47295 | Shoals:2 | Noticed Donald
 47295 | Shoals:2 | Noticed Mlioglotl
 47305 | Shoals:2 | Found a runed translucent gate.
 47305 | Shoals:2 | Found a runed translucent gate.
 47305 | Shoals:2 | Found a runed translucent gate.
 47305 | Shoals:2 | Noticed Zajithr Qicli's ghost (journeyman HOMo)
 47346 | Shoals:2 | HP: 7/140 [merfolk/+0 trident (6)]
 47351 | Shoals:2 | Killed Donald
 47359 | Shoals:2 | Found Ideduggoiru's Magic Scroll Emporium.
 48003 | Shoals:1 | Killed Mlioglotl
 48394 | Shoals:2 | Reached skill level 1 in Translocations
 48904 | Shoals:1 | Killed Ilsuiw
 49285 | Shoals:1 | Reached skill level 1 in Hexes
 49288 | Shoals:1 | Reached skill level 15 in Long Blades
 49784 | Shoals:2 | Noticed Roxanne
 50562 | Shoals:2 | Killed Roxanne
 50803 | Shoals:2 | Reached skill level 15 in Ranged Weapons
 50827 | Shoals:2 | Bought a scroll of blinking for 120 gold pieces
 50827 | Shoals:2 | Bought a scroll of blinking for 120 gold pieces
 51262 | Shoals:3 | Found Zitherah's Overcharged Wands.
 52272 | Shoals:4 | Entered Level 4 of the Shoals
 52514 | Shoals:4 | Noticed Polyphemus
 52534 | Shoals:4 | Killed Polyphemus
 53251 | Shoals:4 | Noticed Mara
 53539 | Shoals:4 | Identified the +1 chain mail "Voheussao" {rPois rF+}
 54978 | Shoals:3 | Killed Mara
 55905 | Shoals:4 | Got a barnacled rune of Zot
 56200 | Shoals:2 | Killed Zajithr Qicli's ghost
 56203 | Shoals:2 | Identified the +7 demon whip "Xellil" {spect, rC++ SInv}
 56364 | Vaults:1 | Entered Level 1 of the Vaults
 56460 | D:13     | Reached skill level 5 in Spellcasting
 56661 | Vaults:1 | Slain by a dire elephant

Illustrated notes

Levels and vault maps discovered:
D:1:      wander_arrival_peaceful_grave, layout_basic, serial_shops,
          nicolae_shop_overgrown_old_shop
D:2:      layout_loops_cross, nicolae_ecumenical_oubliette, cheibrodos_gnoll_hut
D:3:      layout_rooms, portal_sewer_entry_d, st_stairs_3
D:4:      layout_rooms, nicolae_qazlal_eye_of_the_storm, minivault_5
D:5:      layout_rooms, minmay_manual_mail, uniq_sigmund, uniq_prince_ribbit1
D:6:      layout_basic, mainiacjoe_overflow_chevrons, minmay_lizard_king
D:7:      layout_rooms, temple_hall, serial_shops, nicolae_diamond_shop,
          uniq_crazy_yiuf_cottage, uniq_duvessa
D:8:      layout_basic
D:9:      layout_loops_ring, lightli_minifort
D:10:     layout_roguey [special_room_bee], grunt_temple_overflow_diamond,
          uniq_lodul
D:11:     layout_basic, erik_lair_orcish_takeover, orc_david_3
D:12:     layout_loops_cross
D:13:     layout_loops_corners, erik_vaults_1, special_room [special_room_orc],
          cheibrodos_worm_habitat, uniq_sonja
D:14:     layout_basic, nicolae_dithmenos_through_a_glass_darkly
D:15:     gammafunk_enter_depths_forms, layout_rooms, nrook_uturn
Lair:1:   layout_chaotic_city, grunt_megastairs_4
Lair:2:   layout_cave_shapes, minmay_shoals_entry_centaurs,
          minmay_snake_entry_six_corridors, portal_ice_cave_entry_imps
Lair:3:   layout_layer_cave, grunt_megastairs_3
Lair:4:   layout_regular_city, lemuel_fruit_fields
Lair:5:   minmay_lair_end_enchanted_forest, layout_misc_corridors,
          nicolae_slime_entry_slimehenge, serial_bayou, serial_bayou_ford_a,
          serial_bayou_pond_e, serial_bayou_shore_a, serial_bayou_lagoon_a
Shoals:1: layout_shoals, nicolae_shoals_water_shrine, uniq_nikola
Shoals:2: layout_shoals, serial_shops, nicolae_take_the_stairs,
          ebering_ghost_rock_garden, uniq_mlioglotl, uniq_ilsuiw, uniq_roxanne,
          uniq_donald
Shoals:3: layout_shoals, nicolae_shop_overcharged_wands
Shoals:4: shoals_end_simple, layout_shoals, lemuel_oklob_altar, uniq_polyphemus,
          uniq_mara
Snake:1:  layout_onion, minmay_shop_star, grunt_megastairs_2
Snake:2:  layout_honeycomb, nicolae_snake_gridmaze_big_u, grunt_megastairs_1
Snake:3:  layout_basic
Snake:4:  grunt_snake_rune_pools, layout_cave_town, serial_shops,
          nicolae_shop_window_shopping
Orc:1:    layout_caves
Orc:2:    pubby_orc_utopia, serial_shops
Vaults:1: gammafunk_ghost_cemetery, vaults_dpeg_hooks,
          hangedman_vaults_hard_town_square, ontoclasm_vaults_tryst,
          nicolae_vaults_network_periphery, ontoclasm_vaults_ring_square,
          vaults_room_fours, v_misc_8, grunt_vaults_hallway_short,
          layout_vaults_omnibox

Skill      XL: |  1  2  3  4  5  6  7  8  9 10 11 12 13 14 15 16 17 |
---------------+----------------------------------------------------+-----
Spellcasting   | 1 2 3 5 |  5.0
Fighting       | 2 3 4 5 6 7 8 9 10 | 10.0
Dodging        | 2 3 4 5 6 7 8 9 10 | 10.0
Armour         | 5 6 7 8 9 11 12 13 | 13.4
Short Blades   | 3 6 8 9 |  9.6
Evocations     | 1 3 4 5 6 |  6.0
Stealth        | 3 4 5 |  5.1
Long Blades    | 2 4 6 8 10 11 13 14 15 | 15.6
Ranged Weapons | 3 6 8 9 11 13 14 15 | 15.5
Translocations | 4 |  4.7
Hexes          | 3 |  3.1

Action                   |  1- 3 |  4- 6 |  7- 9 | 10-12 | 13-15 | 16-18 || total
-------------------------+-------+-------+-------+-------+-------+-------++-------
Melee: Whip              |    32 |    28 |       |       |       |       ||    60
       Dagger            |       |    12 |   363 |   333 |       |       ||   708
       Punch             |       |       |     5 |     9 |       |       ||    14
       Long sword        |       |       |    54 |   157 |       |       ||   211
       Great sword       |       |       |       |    33 |   838 |   610 ||  1481
       Falchion          |       |       |       |       |       |    46 ||    46
       Scimitar          |       |       |       |       |       |    27 ||    27
 Fire: Sling             |    74 |   108 |   126 |    11 |       |       ||   319
       Longbow           |       |       |       |   383 |   655 |   536 ||  1574
Throw: Dart              |       |       |     6 |     8 |       |       ||    14
       Throwing net      |       |       |       |     2 |       |     1 ||     3
Evoke: Wand              |       |       |     5 |    10 |     1 |     5 ||    21
       Tin of tremorston |       |       |       |       |       |     1 ||     1
       Lightning rod     |       |       |       |       |       |     4 ||     4
       Phantom mirror    |       |       |       |       |       |     1 ||     1
  Use: Potion            |     2 |     9 |     1 |     5 |    11 |     7 ||    35
       Scroll            |       |     2 |    17 |    20 |    10 |     7 ||    56
 Stab: Sleeping          |       |       |     1 |     2 |     1 |     2 ||     6
       Distracted        |       |       |     1 |       |       |     3 ||     4
       Invisible         |       |       |       |       |     1 |       ||     1
Armor: Scale mail        |    26 |    21 |    18 |       |       |       ||    65
       Ring mail         |       |       |    59 |       |       |       ||    59
       Steam dragon scal |       |       |    16 |     7 |       |       ||    23
       Acid dragon scale |       |       |       |   184 |       |       ||   184
       Ice dragon scales |       |       |       |     9 |   546 |   377 ||   932
Dodge: Dodged            |    38 |    29 |   163 |   416 |  1108 |   850 ||  2604
       Repelled          |       |       |       |       |    14 |    47 ||    61
Block: Other             |       |       |       |       |   109 |    48 ||   157
       Reflection        |       |       |       |       |    19 |    11 ||    30
       Buckler           |       |       |       |       |       |     1 ||     1

Table legend: (Time is in decaauts)
 A = Elapsed time spent in this place.
 B = Non-inter-level travel time spent in this place.
 C = Inter-level travel time spent in this place.
 D = Time resting spent in this place.
 E = Time spent auto-exploring this place.
 F = Levels seen in this place.
 G = Mean time per level.
                   A        B        C        D        E       F      G
               +--------+--------+--------+--------+--------+-----+--------+
         Total |  56793 |  52324 |   4469 |  18492 |  20467 |  33 | 1721.0 |
       Dungeon |  21537 |  19915 |   1622 |   5708 |   9649 |  15 | 1435.8 |
          Lair |   9237 |   8407 |    830 |   3248 |   3371 |   5 | 1847.4 |
        Shoals |   9926 |   9169 |    757 |   3932 |   2137 |   4 | 2481.5 |
     Snake Pit |   9682 |   8599 |   1083 |   3521 |   3166 |   4 | 2420.5 |
  Orcish Mines |   3881 |   3721 |    160 |   1027 |   1790 |   2 | 1940.5 |
        Vaults |    217 |    202 |     15 |      0 |      0 |   1 |  217.0 |
         Sewer |    977 |    977 |      0 |    373 |    240 |   1 |  977.0 |
      Ice Cave |   1332 |   1332 |      0 |    681 |    113 |   1 | 1332.0 |
               +--------+--------+--------+--------+--------+-----+--------+

Top non-repeatable levels by time:
  Lair:2: 3362 daAuts
Shoals:1: 3320 daAuts
 Snake:2: 3302 daAuts
Shoals:3: 2836 daAuts
    D:11: 2792 daAuts
 Snake:3: 2773 daAuts
   Orc:2: 2577 daAuts
  Lair:4: 2373 daAuts
    D:13: 2154 daAuts
    D:10: 2047 daAuts
Shoals:2: 2002 daAuts
     D:9: 1977 daAuts
     D:8: 1957 daAuts
 Snake:1: 1919 daAuts
    D:12: 1824 daAuts
